 Dungeon Crawl Stone Soup version 0.31-a0-7-g5178367 (webtiles) character file.

Game seed: 15213602584458456860

12684 Nithhogg the Cleaver (level 11, -3/104 HPs)
             Began as a Hill Orc Fighter on May 4, 2023.
             Was a Priest of Qazlal.
             Slain by a very large slime creature (41 damage)
             ... on level 14 of the Dungeon on May 5, 2023.
             The game lasted 00:30:20 (10431 turns).

Nithhogg the Cleaver (Hill Orc Fighter)            Turns: 10431, Time: 00:30:21

Health: -3/104     AC: 15    Str: 26    XL:     11   Next: 97%
Magic:  18/20      EV:  9    Int:  8    God:    Qazlal [***...]
Gold:   670        SH:  4    Dex: 18    Spells: 10/10 levels left

rFire   + . .        x - +9 whip "Evukiasu" {drain, Str+2}
rCold   . . .        (no shield)
rNeg    . . .        l - +0 chain mail of Cowardice {Drain rF+ Dex+2}
rPois   .            (no helmet)
rElec   .            e - +2 cloak
rCorr   .            (no gloves)
SInv    .            (no boots)
Will    .....        A - amulet of regeneration Stlth
                     n - +6 ring of dexterity
HPRegen 1.17/turn    (no ring)
MPRegen 0.17/turn

%: no passive effects
@: about to teleport
A: no striking features
a: Renounce Religion, Upheaval, Elemental Force


You were on level 14 of the Dungeon.
You worshipped Qazlal.
Qazlal was most pleased with you.
You visited 2 branches of the dungeon, and saw 13 of its levels.
You also visited: Ossuary.

You collected 670 gold pieces.

Inventory:

Hand Weapons
 a - a +1 war axe
 d - a +0 flail of protection
 f - a +3 sling
 i - a +2 vampiric scythe
 r - the +3 spear of Guilt {holy, +Blink rCorr Str+2}
   (You found it on level 2 of the Dungeon)

   Str:       It affects your strength (+2).
   +Blink:    It lets you blink.
   rCorr:     It protects you from acid and corrosion.
 x - the +9 whip "Evukiasu" (weapon) {drain, Str+2}
   (You found it on level 5 of the Dungeon)

   Str:       It affects your strength (+2).
 B - the +8 spear "Utton" {flame, rPois rC- SInv Stlth+}
   (You found it on level 5 of the Dungeon)

   rC:        It makes you vulnerable to cold.
   rPois:     It protects you from poison.
   SInv:      It lets you see invisible.
   Stlth:     It makes you more stealthy.
 L - the +9 falchion of the Sugar Beet {antimagic, rElec rF+ rN+ Str-2}
   (You found it on level 7 of the Dungeon)

   Str:       It affects your strength (-2).
   rF:        It protects you from fire.
   rElec:     It insulates you from electricity.
   rN:        It protects you from negative energy.
 M - the +3 great sword of Jeeguy {flame, rElec rF- Str+3}
   (You found it on level 8 of the Dungeon)

   Str:       It affects your strength (+3).
   rF:        It makes you vulnerable to fire.
   rElec:     It insulates you from electricity.
Missiles
 v - 3 throwing nets (quivered)
 C - 27 poisoned darts
Armour
 b - a +1 scale mail
 c - a +0 buckler
 e - a +2 cloak (worn)
 l - the +0 chain mail of Cowardice (worn) {Drain rF+ Dex+2}
   (You found it on level 2 of the Dungeon)

   Dex:       It affects your dexterity (+2).
   rF:        It protects you from fire.
   Drain:     It drains your maximum health when unequipped.
Jewellery
 n - a +6 ring of dexterity (left hand)
 A - an amulet of regeneration (around neck)
 K - an amulet of reflection
 P - a ring of protection from cold
 S - a ring of magical power
Wands
 N - a wand of charming (7)
 O - a wand of flame (11)
Scrolls
 j - 6 scrolls of teleportation
 o - 2 scrolls of brand weapon
 p - 3 scrolls of noise
 q - 5 scrolls of fog
 w - 2 scrolls of immolation
 y - 2 scrolls of fear
 F - 6 scrolls of identify
 H - 4 scrolls of enchant armour
 I - a scroll of enchant weapon
 Q - a scroll of silence
 R - a scroll of magic mapping
 T - a scroll of butterflies
Potions
 g - 3 potions of lignification
 h - a potion of resistance {unknown}
 k - 4 potions of flight
 m - 2 potions of degeneration {unknown}
 s - 3 potions of mutation {unknown}
 t - 4 potions of magic {unknown}
 u - a potion of cancellation {unknown}
 z - 4 potions of brilliance {unknown}
 D - 2 potions of curing
 E - 6 potions of heal wounds {unknown}
 G - 3 potions of haste {unknown}
 J - a potion of attraction {unknown}


   Skills:
 + Level 11.8 Fighting
 + Level 12.6 Axes
 + Level 10.9 Armour
 - Level 3.2 Shields
 + Level 12.2 Invocations


You had 10 spell levels left.
You didn't know any spells.
Your spell library contained the following spells:

 Spells                   Type           Power      Damage    Failure   Level
 Beastly Appendage        Tmut           0%         N/A       85%         1
 Ensorcelled Hibernation  Hex/Ice        0%         N/A       94%         2
 Lesser Beckoning         Tloc           0%         N/A       94%         2
 Passwall                 Tmut/Erth      0%         N/A       94%         2
 Wereblood                Tmut           0%         N/A       94%         2
 Gell's Gravitas          Tloc           0%         N/A       99%         3
 Ozocubu's Armour         Ice            0%         N/A       99%         3
 Spider Form              Tmut/Pois      0%         N/A       99%         3
 Swiftness                Air            0%         N/A       99%         3
 Teleport Other           Tloc           0%         N/A       99%         3
 Tukima's Dance           Hex            0%         N/A       99%         3
 Anguish                  Hex/Necr       0%         N/A       100%        4
 Passage of Golubria      Tloc           0%         N/A       100%        4
 Yara's Violent Unravell  Hex/Tmut       0%         3d3       100%        5
 Enfeeble                 Hex            0%         N/A       100%        7
 Ozocubu's Refrigeration  Ice            0%         4d7       100%        7


Dungeon Overview and Level Annotations

Branches:
Dungeon (11/15)            Temple (1/1) D:6            Lair (0/5) D:11
    Orc (0/2) D:9         Ossuary (visited)

Altars:
Ashenzari
Cheibriados
Dithmenos
Elyvilon
Fedhas
Gozag
Hepliaklqana
Kikubaaqudgha
Makhleb
Nemelex Xobeh
Okawaru
Qazlal
Ru
Sif Muna
Trog
Uskayaw
Vehumet
Wu Jian
Xom
Yredelemnul
Zin
The Shining One

Shops:
D:1 [   D:3 [   D:5 :*   D:6 *!


Message History

You whack the slime creature!
You kill the slime creature!
Qazlal accepts your kill.
The slime creature is engulfed in blazing flames.
The slime creature hits you but does no damage.
The slime creature hits you!
Aiming: Upheaval
Press: ? - help, Dir - move target, f - large slime creature
Aim: a large slime creature (wandering, hasn't noticed you)
A blizzard blasts the area with ice!
The blast of ice hits the large slime creature!!
The large slime creature is lightly wounded.
The large slime creature quivers.
The large slime creature is flash-frozen.
The slime creature hits you.
The slime creature is engulfed in blazing flames.
The slime creature barely misses you. The slime creature hits you.
The slime creature attacks as you move away!
The slime creature hits you but does no damage.
The slime creature is engulfed in blazing flames.
The slime creature is engulfed in a thunderstorm.
Two slime creatures merge to form a large slime creature.
The large slime creature is no longer encased in ice.
The large slime creature hits you!! The slime creature hits you.
The large slime creature attacks as you move away!
The large slime creature hits you but does no damage.
The slime creature hits you but does no damage.
The large slime creature attacks as you move away!
The large slime creature barely misses you.
The large slime creature attacks as you move away!
The large slime creature hits you.
The large slime creature attacks as you move away!
The large slime creature hits you!
Two slime creatures merge to form a very large slime creature.
There is an open door here.
As you read the scroll of teleportation, it crumbles to dust.
You feel strangely unstable.
The very large slime creature attacks as you move away!
The very large slime creature hits you!!!
You die...

######## ##########
####......#######..).....#
...#......'.....@........#
...#......#.....#J.......#
...#......#.....#........#
...#......#.....#J.......#
...#......#.....#........#
...#......#.....#........#
...#......#.....#........#
##'#......#.#####........#
........###.##..##...(......


You could see a very large slime creature and a large slime creature.

Vanquished Creatures
  A boulder beetle (D:14)
  2 centaur warriors (D:14)
  3 two-headed ogres
  A deep elf pyromancer (D:14)
  2 komodo dragons
  5 trolls
  A hornet (D:9)
  A slime creature (D:14)
  Sigmund (D:4)
  A water elemental (D:11)
  3 wyverns
  9 yaks (D:11)
  An acid dragon (D:11)
  2 water moccasins
  A black bear (D:8)
  2 orc warriors
  2 sky beasts
  A wolf (D:11)
  An ogre (D:5)
  4 centaurs
  2 phantoms
  6 kobold brigands
  3 bullfrogs
  4 gnoll sergeants
  4 necrophages (D:4)
  A scorpion (D:5)
  8 wights
  3 killer bees
  A howler monkey (D:6)
  5 electric eels (D:11)
  A bullfrog zombie (D:4)
  7 hounds (D:11)
  2 jellies
  2 orc priests (D:10)
  A gnoll bouda (D:6)
  6 iguanas
  9 orc wizards
  A hound zombie (D:4)
  12 mummies (Ossuary)
  20 gnolls
  7 adders
  A shadow imp (D:6)
  3 white imps
  An ufetubus (D:5)
  A worm (D:3)
  8 dart slugs
  39 orcs
  4 bats
  6 endoplasms
  A giant cockroach (D:4)
  9 goblins
  9 hobgoblins
  13 jackals
  40 kobolds
  2 quokkas
  9 ball pythons
  9 frilled lizards
  5 gnoll skeletons (Ossuary)
  2 goblin skeletons (Ossuary)
  An orc skeleton (Ossuary)
  A quokka zombie (D:4)
  6 rats
  11 rat skeletons (Ossuary)
  2 bushes (D:4)
332 creatures vanquished.

Vanquished Creatures (others)
  19 plants
19 creatures vanquished.

Grand Total: 351 creatures vanquished

Notes
Turn   | Place    | Note
-------+----------+-------------------------------------------
     0 | D:1      | Nithhogg the Hill Orc Fighter began the quest for the Orb.
     0 | D:1      | Reached XP level 1. HP: 19/19 MP: 1/1
   110 | D:1      | Reached XP level 2. HP: 27/27 MP: 2/2
   110 | D:1      | Upgraded the game from 0.31-a0-4-gefa6de2 to
                  | 0.31-a0-5-g84e6b34
   133 | D:1      | Reached skill level 1 in Invocations
   341 | D:1      | Reached XP level 3. HP: 33/33 MP: 4/4
   625 | D:1      | Found Gek Goc's Antique Armour Shoppe.
   982 | D:2      | Identified the +3 spear of Guilt {holy, +Blink rCorr Str+2}
   999 | D:2      | Reached XP level 4. HP: 40/40 MP: 5/5
  1043 | D:2      | Identified the +0 chain mail of Cowardice {Drain rF+ Dex+2}
  2144 | D:3      | Reached XP level 5. HP: 47/47 MP: 7/7
  2330 | D:3      | Found Doet's Antique Armour Emporium.
  2764 | D:4      | Noticed a sky beast
  2776 | D:4      | Killed a sky beast
  2845 | D:4      | Found a white marble altar of Elyvilon.
  2903 | D:4      | Reached skill level 5 in Fighting
  2903 | D:4      | Reached XP level 6. HP: 56/56 MP: 8/8
  3041 | D:4      | Noticed Sigmund
  3048 | D:4      | Killed Sigmund
  3049 | D:4      | Reached skill level 5 in Axes
  3049 | D:4      | Reached skill level 5 in Armour
  3049 | D:4      | Reached XP level 7. HP: 50/61 MP: 8/10
  3118 | D:4      | Found a shadowy altar of Dithmenos.
  3556 | D:4      | Found a blossoming altar of Fedhas.
  3893 | D:4      | Reached skill level 5 in Invocations
  3904 | D:4      | Reached XP level 8. HP: 45/71 MP: 10/12
  4012 | D:5      | Entered Level 5 of the Dungeon
  4159 | D:5      | Found Teha's Book Shoppe.
  4832 | D:5      | Found Maeliopy's Elemental Accessories.
  5018 | D:5      | Identified the +8 spear "Utton" {flame, rPois rC- SInv
                  | Stlth+}
  5058 | D:5      | Found a bloodstained altar of Trog.
  5063 | D:5      | Identified the +9 whip "Evukiasu" {drain, Str+2}
  5131 | D:5      | Found a faded altar of an unknown god.
  5131 | D:5      | Found a faded altar of an unknown god.
  5133 | D:5      | Found a hazy altar of Hepliaklqana.
  5301 | D:6      | Found a staircase to the Ecumenical Temple.
  5338 | Temple   | Entered the Ecumenical Temple
  5414 | Temple   | Became a worshipper of Qazlal Stormbringer
  5549 | Temple   | Reached XP level 9. HP: 13/79 MP: 14/14
  5649 | D:6      | Found Uplis's General Store.
  5796 | D:6      | Found a sand-covered staircase.
  5801 | Ossuary  | Entered an ossuary
  5827 | Ossuary  | Reached * piety under Qazlal
  6112 | D:6      | Found a burning altar of Makhleb.
  6112 | D:6      | Found an iron altar of Okawaru.
  6136 | D:6      | Reached ** piety under Qazlal
  6282 | D:6      | Found Lemyehiv's Distillery.
  6875 | D:7      | Identified the +9 falchion of the Sugar Beet {antimagic,
                  | rElec rF+ rN+ Str-2}
  6895 | D:7      | Upgraded the game from 0.31-a0-5-g84e6b34 to
                  | 0.31-a0-7-g5178367
  7155 | D:8      | Noticed a two-headed ogre
  7264 | D:8      | Identified the +3 great sword of Jeeguy {flame, rElec rF-
                  | Str+3}
  7272 | D:8      | Noticed a two-headed ogre
  7571 | D:8      | Reached *** piety under Qazlal
  7611 | D:8      | Reached XP level 10. HP: 91/91 MP: 16/16
  7618 | D:8      | Killed a two-headed ogre
  7670 | D:8      | Reached skill level 10 in Axes
  7764 | D:8      | Killed a two-headed ogre
  8106 | D:9      | Paralysed by a hornet for 2 turns
  8123 | D:9      | Reached skill level 10 in Invocations
  8275 | D:9      | Reached skill level 10 in Fighting
  8361 | D:9      | Found the +7 Kryia's mail coat {PotionHeal*2 rC+}
  8595 | D:9      | Found a staircase to the Orcish Mines.
  8997 | D:10     | Entered Level 10 of the Dungeon
  9091 | D:10     | Reached XP level 11. HP: 66/101 MP: 17/19
  9151 | D:10     | Reached **** piety under Qazlal
  9187 | D:10     | Noticed a two-headed ogre
  9194 | D:10     | Killed a two-headed ogre
  9381 | D:10     | Found a basalt altar of Yredelemnul.
  9645 | D:11     | Reached skill level 10 in Armour
  9737 | D:11     | Found a staircase to the Lair.
  9818 | D:11     | HP: 5/102 [electric eel/bolt of electricity (7)]
 10120 | D:11     | You fall into a shaft and drop 3 floors!
 10177 | D:14     | Noticed a centaur warrior
 10192 | D:14     | Noticed a centaur warrior
 10192 | D:14     | Killed a centaur warrior
 10201 | D:14     | Killed a centaur warrior
 10206 | D:14     | Noticed a boulder beetle
 10246 | D:14     | Killed a boulder beetle
 10371 | D:14     | Noticed a deep elf pyromancer
 10377 | D:14     | Killed a deep elf pyromancer
 10431 | D:14     | Slain by a very large slime creature

Illustrated notes

Levels and vault maps discovered:
D:1:      eino_arrival_druids_welcome, layout_basic, serial_shops,
          nicolae_shop_statue_plus
D:2:      layout_loops_ring, lexackson_kobold_supper
D:3:      layout_basic, serial_shops, shop_statue
D:4:      layout_gridville, mainiacjoe_overflow_24_doors,
          fedhas_altar_decomposition, lemuel_doored_altar, uniq_sigmund
D:5:      layout_layer_cave, nicolae_hepliaklqana_ecumenical_no_more,
          kennysheep_little_box, nicolae_inconvenience_store, st_stairs_1,
          nicolae_elemental_shop
D:6:      layout_loops_ring, mainiacjoe_overflow_divided_tiny,
          minmay_temple_entry_ruins, enter_ossuary_5, serial_shops,
          nicolae_shop_hallway_plus, nicolae_shop_stone
D:7:      layout_loops_ring, feat_on_display
D:8:      layout_loops_ring
D:9:      layout_basic, orc_0_dummy, minmay_lizard_king
D:10:     layout_rooms, mainiacjoe_overflow_alcove_4
D:11:     layout_cave_pods, erik_lair_island, nicolae_uskayaw_en_pointe
D:14:     layout_gridville, nzn_wu_jian_contemplation, moated_statue,
          corexii_checkpoint_a
Temple:   nicolae_temple_superstar

Skill      XL: |  1  2  3  4  5  6  7  8  9 10 11 |
---------------+----------------------------------+-----
Axes           | 3 4 5 6 7 9 11 12 | 12.6
Invocations    | 1 2 3 4 5 7 9 10 12 | 12.2
Fighting       | 4 5 6 7 9 10 11 | 11.8
Armour         | 4 5 6 8 9 10 | 10.9
Shields        | |  3.2

Action                     |  1- 3 |  4- 6 |  7- 9 | 10-12 || total
---------------------------+-------+-------+-------+-------++-------
  Melee: War axe           |    74 |    93 |   151 |       ||   318
         Punch             |     1 |     1 |    10 |     6 ||    18
         Whip              |       |       |   311 |   318 ||   629
 Invoke: Upheaval          |       |       |       |     6 ||     6
         Elemental Force   |       |       |       |     1 ||     1
    Use: Scroll            |       |    11 |     6 |     5 ||    22
         Potion            |       |     1 |     6 |     1 ||     8
 Armour: Scale mail        |    35 |    17 |       |       ||    52
         Chain mail        |       |    48 |   372 |   177 ||   597
         Skin              |       |       |    19 |       ||    19
  Dodge: Dodged            |    36 |    57 |   250 |   179 ||   522
         Repelled          |       |       |       |     3 ||     3
  Block: Other             |       |       |    26 |    68 ||    94

Table legend: (Time is in decaauts)
 A = Elapsed time spent in this place.
 B = Non-inter-level travel time spent in this place.
 C = Inter-level travel time spent in this place.
 D = Time resting spent in this place.
 E = Time spent auto-exploring this place.
 F = Levels seen in this place.
 G = Mean time per level.
                   A        B        C        D        E       F      G
               +--------+--------+--------+--------+--------+-----+--------+
         Total |  10436 |  10127 |    309 |    517 |   7564 |  14 |  745.4 |
       Dungeon |   9898 |   9595 |    303 |    443 |   7293 |  12 |  824.8 |
        Temple |    251 |    245 |      6 |     74 |    108 |   1 |  251.0 |
       Ossuary |    285 |    285 |      0 |      0 |    163 |   1 |  285.0 |
               +--------+--------+--------+--------+--------+-----+--------+

Top non-repeatable levels by time:
     D:4: 1414 daAuts
     D:5: 1207 daAuts
     D:3: 932 daAuts
     D:2: 897 daAuts
     D:9: 896 daAuts
     D:1: 835 daAuts
     D:7: 829 daAuts
     D:6: 766 daAuts
     D:8: 726 daAuts
    D:11: 586 daAuts
    D:10: 506 daAuts
    D:14: 298 daAuts
 Ossuary: 285 daAuts
  Temple: 251 daAuts
